 Dungeon Crawl Stone Soup version 0.29-a0-422-gafbd6decc1 (webtiles) character file.

Game seed: 18148340396578355819

2183 happo123 the Ruffian (level 9, -2/127 HPs)
             Began as a Troll Transmuter on May 19, 2022.
             Was an Initiate of Hepliaklqana.
             Slain by a steam dragon (3 damage)
             ... on level 7 of the Dungeon.
             The game lasted 00:22:42 (4032 turns).

happo123 the Ruffian (Troll Transmuter)             Turns: 4032, Time: 00:22:43

Health: -2/127     AC: 24    Str: 20    XL:     9   Next: 11%
Magic:  13/13      EV:  1    Int: 13    God:    Hepliaklqana [......]
Gold:   458        SH:  0    Dex: 10    Spells: 12/15 levels left

rFire   . . .      SeeInvis .     - Unarmed
rCold   . . .      Faith    .   (no shield)
rNeg    . . .      Spirit   .   (body armour currently unavailable)
rPois   +          Reflect  .   (helmet currently unavailable)
rElec   .          Harm     .   (cloak currently unavailable)
rCorr   .          Rampage  .   (gloves unavailable)
Will    .....      NoTele   +   (boots unavailable)
Stlth   +.........              x - amulet of the acrobat
HPRegen 1.11/turn               i - ring of flight
MPRegen 0.13/turn               z - +4 ring of evasion

@: tree-form, marked
A: stationary, stasis, torment immunity, boosted hp, large, unfitting armour,
(claws 3), regeneration 1, (shaggy fur 1), (tough skin 1)
a: Renounce Religion


You were on level 7 of the Dungeon.
You worshipped Hepliaklqana.
Hepliaklqana was noncommittal.
You were a tree.
You visited 1 branch of the dungeon, and saw 7 of its levels.

You collected 458 gold pieces.

Inventory:

Armour
 g - a +0 cloak (melded)
 D - a +0 robe of willpower (melded)
Jewellery
 i - a ring of flight (left branch)
 o - an amulet of faith
 u - a ring of resist corrosion
 x - an amulet of the acrobat (around neck)
 z - a +4 ring of evasion (right branch)
 E - a ring of positive energy
 G - a ring of ice
Wands
 B - a wand of flame (9)
Scrolls
 c - 4 scrolls of identify
 d - 3 scrolls of immolation
 e - 2 scrolls of enchant armour {unknown}
 h - a scroll of silence {unknown}
 k - a scroll of poison {unknown}
 n - 2 scrolls of teleportation {unknown}
 r - a scroll of fear {unknown}
 v - a scroll of fog {unknown}
 w - a scroll of enchant weapon {unknown}
 y - a scroll of blinking {unknown}
 A - a scroll of summoning {unknown}
 F - a scroll of brand weapon {unknown}
Potions
 a - a potion of ambrosia {unknown}
 b - a potion of lignification
 f - 2 potions of flight {unknown}
 j - a potion of magic {unknown}
 l - 4 potions of curing
 m - 3 potions of attraction
 p - a potion of heal wounds {unknown}
 q - a potion of brilliance {unknown}
 s - 2 potions of berserk rage {unknown}
 t - 2 potions of might {unknown}
 C - a potion of resistance {unknown}


   Skills:
 + Level 4.4 Fighting
 + Level 4.6 Dodging
 + Level 6.2 Unarmed Combat
 + Level 3.5 Spellcasting
 + Level 4.3 Transmutations


You had 12 spell levels left.
You knew the following spells:

 Your Spells              Type           Power      Damage    Failure   Level
a - Beastly Appendage     Tmut           26%        N/A       3%          1
b - Wereblood             Tmut           13%        N/A       5%          2

Your spell library contained the following spells:

 Spells                   Type           Power      Damage    Failure   Level
 Apportation              Tloc           4%         N/A       22%         1
 Foxfire                  Conj/Fire      8%         2x1d4     22%         1
 Summon Small Mammal      Summ           8%         N/A       22%         1
 Spider Form              Tmut/Pois      7%         N/A       26%         3
 Blink                    Tloc           4%         N/A       32%         2
 Call Canine Familiar     Summ           2%         N/A       54%         3
 Conjure Flame            Conj/Fire      2%         6-21      54%         3
 Gell's Gravitas          Tloc           2%         N/A       54%         3
 Inner Flame              Hex/Fire       2%         N/A       54%         3
 Lesser Beckoning         Tloc           2%         N/A       54%         3
 Summon Guardian Golem    Hex/Summ       2%         N/A       54%         3
 Teleport Other           Tloc           2%         N/A       54%         3
 Tukima's Dance           Hex            2%         N/A       54%         3
 Ice Form                 Ice/Tmut       7%         N/A       65%         4
 Anguish                  Hex/Necr       1%         N/A       91%         4
 Flame Wave               Conj/Fire      2%         2d4       91%         4
 Alistair's Intoxication  Tmut/Pois      4%         N/A       94%         5
 Manifold Assault         Tloc           2%         N/A       99%         5
 Enfeeble                 Hex            1%         N/A       100%        7


Dungeon Overview and Level Annotations

Branches:
Dungeon (7/15)
 Temple: D:4-7

Altars:
Fedhas
Hepliaklqana
Ru
Sif Muna
Xom
Yredelemnul

Shops:
D:4 (

Annotations:
D:7 Prince Ribbit


Innate Abilities, Weirdness & Mutations

You are a tree.
Your roots penetrate the ground, keeping you stationary.
You cannot be teleported.
You are immune to unholy pain and torment.
Your maximum health is greatly increased.
Your equipment is partially melded.
You are too large for most types of armour.
((You have claws for hands.))
Your natural rate of healing is unusually fast.
((You are covered in fur. (AC +1)))
((You have tough skin. (AC +1)))


Message History

The ufetubus is engulfed in a cloud of scalding steam.
The steam dragon completely misses you. The steam dragon closely misses you.
Prince Ribbit completely misses you.
You scratch the steam dragon.
You claw the steam dragon, but do no damage.
The steam dragon is almost dead.
You are engulfed in a cloud of scalding steam.
* * * LOW HITPOINT WARNING * * *
The bullfrog barely misses you. The ufetubus hits you.
* * * LOW HITPOINT WARNING * * *
The ufetubus hits you.
* * * LOW HITPOINT WARNING * * *
An orc warrior comes into view. It is wielding a +0 trident.
The steam dragon closely misses you. The steam dragon misses you.
Prince Ribbit blinks!
You barely miss the steam dragon.
The steam dragon is almost dead.
The bullfrog closely misses you. The ufetubus misses you.
The ufetubus closely misses you. The bullfrog hits you.
* * * LOW HITPOINT WARNING * * *
The ufetubus closely misses you. The ufetubus hits you.
* * * LOW HITPOINT WARNING * * *
The steam dragon bites you.
* * * LOW HITPOINT WARNING * * *
The steam dragon claws you.
* * * LOW HITPOINT WARNING * * *
Your horns disappear.
Your talons disappear.
You turn into a tree.
Your +0 cloak melds into your body.
Your +0 robe of willpower melds into your body.
You feel less strong-willed.
Your roots penetrate the ground.
The bullfrog hits you.
* * * LOW HITPOINT WARNING * * *
The ufetubus hits you.
* * * LOW HITPOINT WARNING * * *
The ufetubus hits you but does no damage.
An orc wizard comes into view. It is wielding a +0 dagger.
The steam dragon bites you.
* * * LOW HITPOINT WARNING * * *
The steam dragon claws you.
You die...

####......#..#.#
##..#......#..#..
#.................
##.....#............
#......#.........#.
#................#
#..##.......#...#
###............#
####.§♣F....###....
##....D5F......# ..
#......h........
#......§...o......
###...............
#...#......o...
#####........o.
##.........
##........


You could see Prince Ribbit, a steam dragon, an orc warrior, a bullfrog, a
hound, an orc wizard, an orc and an ufetubus.

Vanquished Creatures
  Sigmund (D:5)
  A wraith (D:6)
  2 water moccasins (D:6)
  Duvessa (D:5)
  An ice beast (D:6)
  2 black bears
  A phantom (D:6)
  2 bullfrogs
  2 gnoll sergeants (D:5)
  3 scorpions
  Dowan (D:5)
  A howler monkey (D:5)
  2 gnoll shamans (D:5)
  2 jellies
  2 orc priests (D:6)
  2 hounds
  4 iguanas
  12 adders
  14 gnolls
  A white imp (D:6)
  An ufetubus (D:6)
  4 worms
  3 dart slugs
  8 orcs
  3 ball pythons
  5 endoplasms
  5 giant cockroaches
  9 hobgoblins
  4 jackals (D:2)
  11 kobolds
  3 quokkas
  11 bats
  4 frilled lizards
  8 goblins
  4 rats
  A spectral hobgoblin (D:3)
  3 bushes (D:6)
144 creatures vanquished.

Vanquished Creatures (others)
  An orc wizard (D:6)
1 creature vanquished.

Grand Total: 145 creatures vanquished

Notes
Turn   | Place    | Note
-------+----------+-------------------------------------------
     0 | D:1      | happo123 the Troll Transmuter began the quest for the Orb.
     0 | D:1      | Reached XP level 1. HP: 18/18 MP: 1/1
   189 | D:1      | Reached skill level 1 in Fighting
   195 | D:1      | Reached XP level 2. HP: 25/27 MP: 3/3
   648 | D:2      | Reached XP level 3. HP: 33/33 MP: 4/4
   966 | D:2      | Found a faded altar of an unknown god.
  1080 | D:2      | Reached XP level 4. HP: 41/41 MP: 5/5
  1351 | D:3      | Found a basalt altar of Yredelemnul.
  1351 | D:3      | Found a shimmering blue altar of Sif Muna.
  1352 | D:3      | Found a shimmering altar of Xom.
  1709 | D:3      | Found a hazy altar of Hepliaklqana.
  1995 | D:3      | Noticed a scorpion
  2001 | D:3      | Killed a scorpion
  2002 | D:3      | Reached XP level 5. HP: 45/49 MP: 4/6
  2068 | D:4      | Found Faresohe's Antique Weapon Shop.
  2076 | D:4      | Reached skill level 4 in Unarmed Combat
  2093 | D:4      | Learned a level 2 spell: Wereblood
  2130 | D:4      | Reached XP level 6. HP: 56/57 MP: 8/8
  2536 | D:4      | Reached XP level 7. HP: 64/66 MP: 9/9
  2713 | D:3      | Became a worshipper of Hepliaklqana the Forgotten
  2783 | D:5      | Entered Level 5 of the Dungeon
  3042 | D:5      | Reached skill level 5 in Unarmed Combat
  3086 | D:5      | Noticed Sigmund
  3098 | D:5      | Killed Sigmund
  3099 | D:5      | Reached XP level 8. HP: 58/75 MP: 11/11
  3183 | D:5      | Noticed Duvessa
  3183 | D:5      | Noticed Dowan
  3190 | D:5      | Killed Duvessa
  3201 | D:5      | Killed Dowan
  3595 | D:6      | Reached skill level 6 in Unarmed Combat
  3653 | D:6      | Reached XP level 9. HP: 79/85 MP: 10/13
  3802 | D:6      | Found a blossoming altar of Fedhas.
  3809 | D:6      | Found a sacrificial altar of Ru.
  4019 | D:7      | Noticed Prince Ribbit
  4032 | D:7      | HP: 6/127 [ufetubus (2)]
  4032 | D:7      | HP: 1/127 [steam dragon (5)]
  4032 | D:7      | Slain by a steam dragon

Illustrated notes

Levels and vault maps discovered:
D:1:      dreamdust_arrival_sigmund_warning, layout_basic
D:2:      layout_rooms, chequers_ecumenical_altar_simple_redux
D:3:      layout_basic, nicolae_hepliaklqana_monster_ancestors,
          gammafunk_temple_overflow_claw, minmay_misc_feat_x,
          minmay_divided_ellipse
D:4:      minmay_diamond_boxcup, layout_rooms, serial_shops,
          nicolae_take_the_stairs, grunt_decor_one_mirror
D:5:      layout_rooms, uniq_sigmund, uniq_duvessa
D:6:      layout_rooms, mainiacjoe_overflow_big_doors
D:7:      layout_cave_pools, temple_hall, chequers_decorated_corner,
          uniq_prince_ribbit1

Skill      XL: |  1  2  3  4  5  6  7  8 |
---------------+-------------------------+-----
Fighting       | 1 2 3 4 |  4.4
Dodging        | 2 3 4 |  4.6
Transmutations | 2 3 4 |  4.3
Unarmed Combat | 4 5 6 |  6.2
Spellcasting   | 2 3 |  3.5

Action                   |  1- 3 |  4- 6 |  7- 9 || total
-------------------------+-------+-------+-------++-------
Melee: Unarmed           |   111 |   144 |   230 ||   485
       Headbutt          |     1 |     2 |    12 ||    15
       Kick              |       |     2 |    38 ||    40
       Punch             |       |     2 |    11 ||    13
 Cast: Beastly Appendage |     1 |     1 |     9 ||    11
       Wereblood         |       |     1 |     6 ||     7
  Use: Scroll            |       |       |     3 ||     3
       Potion            |       |       |     1 ||     1
 Stab: Sleeping          |       |     1 |       ||     1
Armor: Robe              |    55 |    44 |    42 ||   141
       Skin              |       |       |     1 ||     1
Dodge: Dodged            |    68 |    71 |   141 ||   280

Table legend: (Time is in decaauts)
 A = Elapsed time spent in this place.
 B = Non-inter-level travel time spent in this place.
 C = Inter-level travel time spent in this place.
 D = Time resting spent in this place.
 E = Time spent auto-exploring this place.
 F = Levels seen in this place.
 G = Mean time per level.
                   A        B        C        D        E       F      G
               +--------+--------+--------+--------+--------+-----+--------+
         Total |   3990 |   3246 |    744 |     29 |   2198 |   7 |  570.0 |
       Dungeon |   3990 |   3246 |    744 |     29 |   2198 |   7 |  570.0 |
               +--------+--------+--------+--------+--------+-----+--------+

Top non-repeatable levels by time:
     D:3: 1007 daAuts
     D:4: 693 daAuts
     D:1: 635 daAuts
     D:5: 611 daAuts
     D:6: 535 daAuts
     D:2: 476 daAuts
     D:7: 30 daAuts
